 Dungeon Crawl Stone Soup version 0.25.1-2-g60ff931df9 (webtiles) character file.

Game seed: 11344374643484564185

121 raphialitos the Poker (level 5, -4/41 HPs)
             Began as a Merfolk Skald on Oct 20, 2020.
             Was a Follower of Cheibriados.
             Shot with an arrow by a centaur (14 damage)
             ... on level 3 of the Dungeon.
             The game lasted 00:05:06 (2482 turns).

raphialitos the Poker (Merfolk Skald)               Turns: 2482, Time: 00:05:06

Health: -4/41      AC:  6    Str: 15    XL:     5   Next: 5%
Magic:  7/8        EV: 13    Int: 14    God:    Cheibriados [*.....]
Gold:   41         SH:  0    Dex: 15    Spells: 3/9 levels left

rFire    . . .     SeeInvis .   a - +0 spear
rCold    . . .     Gourm    .   (no shield)
rNeg     . . .     Faith    .   b - +3 leather armour
rPois    .         Spirit   .   (no helmet)
rElec    .         Reflect  .   (no cloak)
rCorr    .         Harm     .   (no gloves)
MR       .....                  (no boots)
Stlth    +.........             (no amulet)
HPRegen  0.13/turn              (no ring)
MPRegen  0.11/turn              (no ring)

@: infused, very slow
A: change form in water, swift swim, stealthy swim
a: Bend Time, Renounce Religion


You were on level 3 of the Dungeon.
You worshipped Cheibriados.
Cheibriados was aware of your devotion.
You were not hungry.

You visited 1 branch of the dungeon, and saw 3 of its levels.

You collected 41 gold pieces.

Inventory:

Hand Weapons
 a - a +0 spear (weapon)
Missiles
 h - 29 poisoned darts (quivered)
 j - 20 arrows
 o - 3 javelins
Armour
 b - a +3 leather armour (worn)
Scrolls
 l - a scroll of fog
Potions
 c - a potion of flight {unknown}
 e - a potion of degeneration {unknown}
 f - 3 potions of curing
 i - a potion of cancellation {unknown}
 k - a potion of berserk rage {unknown}
 q - a potion of might {unknown}
Comestibles
 d - 4 rations


   Skills:
 + Level 3.0 Fighting
 + Level 4.5 Polearms
 + Level 0.2 Throwing
 + Level 1.2 Armour
 + Level 2.8 Dodging
 + Level 0.3 Stealth
 + Level 2.5 Spellcasting
 + Level 4.1 Charms


You had 3 spell levels left.
You knew the following spells:

 Your Spells              Type           Power        Failure   Level  Hunger
a - Infusion              Chrm           ##..         4%          1    #......
b - Song of Slaying       Chrm           ##......     8%          2    ###....
c - Ozocubu's Armour      Chrm/Ice       #.......     34%         3    ###....

Your spell library contained the following spells:

 Spells                   Type           Power        Failure   Level  Hunger
 Shroud of Golubria       Chrm/Tloc      #.....       19%         2    ###....
 Spectral Weapon          Hex/Chrm       #.......     34%         3    ###....


Dungeon Overview and Level Annotations

Branches:
Dungeon (3/15)

Altars:
Cheibriados
Fedhas
Sif Muna


Message History

You see here 2 arrows.
Casting: Infusion (safe; 4% risk of failure)
Confirm with . or Enter, or press ? or * to list all spells.
Okay, then.
Casting: Infusion (safe; 4% risk of failure)
Confirm with . or Enter, or press ? or * to list all spells.
The spell is quite dangerous to cast (34% risk of failure)!
Continue anyway? [Y]es or [N]o only, please.
The spell is quite dangerous to cast (34% risk of failure)!
Continue anyway?
Okay, then.
Unknown command.
Unknown command.
The centaur shoots an arrow.
The arrow hits you!
* * * LOW HITPOINT WARNING * * *
You see here an arrow.
Casting: Ozocubu's Armour (quite dangerous; 34% risk of failure)
Confirm with . or Enter, or press ? or * to list all spells.
You begin infusing your attacks with magical energy.
The centaur shoots an arrow.
The arrow hits you!
You die...

#....##.##.# #......
#.......##.#####.#.#
##...#####.........# ##.##
#######.### #.# ##.... #.#
##...## #.#### ##.....#
#.##.## ##.......
.########@#...####......<<
.......c(........'........
.########(....####........
###..## ##....... #.##
##.....# #.# ##.).## #.#
##'## #.# #.# #.# #####


You could see a centaur.

Vanquished Creatures
  Blork the orc (D:3)
  2 adders
  3 dart slugs
  2 leopard geckos (D:1)
  7 giant cockroaches
  A goblin (D:2)
  2 hobgoblins
  5 kobolds
  2 bats
  2 frilled lizards
  A rat (D:2)
28 creatures vanquished.

Notes
Turn   | Place    | Note
-------+----------+-------------------------------------------
     0 | D:1      | raphialitos the Merfolk Skald began the quest for the Orb.
     0 | D:1      | Reached XP level 1. HP: 16/16 MP: 3/3
    13 | D:1      | Found a snail-covered altar of Cheibriados.
    18 | D:1      | Became a worshipper of Cheibriados the Contemplative
   240 | D:1      | Reached XP level 2. HP: 15/23 MP: 3/5
   457 | D:1      | Learned a level 2 spell: Song of Slaying
   947 | D:2      | Reached XP level 3. HP: 15/28 MP: 2/6
  1425 | D:2      | Reached * piety under Cheibriados
  1523 | D:2      | Found a blossoming altar of Fedhas.
  1964 | D:2      | Learned a level 3 spell: Ozocubu's Armour
  2117 | D:3      | Noticed Blork the orc
  2137 | D:3      | Killed Blork the orc
  2137 | D:3      | Reached skill level 1 in Armour
  2137 | D:3      | Reached XP level 4. HP: 11/35 MP: 1/7
  2137 | D:3      | Reached XP level 5. HP: 13/41 MP: 1/8
  2353 | D:3      | Found a shimmering blue altar of Sif Muna.
  2474 | D:3      | Noticed a centaur
  2482 | D:3      | Shot with an arrow by a centaur

Illustrated notes

Levels and vault maps discovered:
D:1:      ncdulo_lavacross, layout_rooms, cheibriados_altar_1
D:2:      layout_basic, fedhas_altar_2
D:3:      layout_loops_corners, nicolae_overflow_crystal_walls, first_ration,
          tgw_sif

Skill      XL: |  1  2  3 |
---------------+----------+-----
Polearms       | 4 |  4.5
Charms         | 4 |  4.1
Fighting       | 3 |  3.0
Armour         | 1 |  1.2
Throwing       | |  0.2
Dodging        | |  2.8
Stealth        | |  0.3
Spellcasting   | |  2.5

Action                   |  1- 3 |  4- 6 || total
-------------------------+-------+-------++-------
Melee: Spear             |    96 |       ||    96
Throw: Dart              |     6 |       ||     6
 Cast: Infusion          |    15 |     1 ||    16
  Use: Scroll            |     6 |       ||     6
  Eat: Chunk             |     4 |       ||     4
Armor: Leather armour    |    22 |       ||    22
Dodge: Dodged            |    50 |     1 ||    51
